Map: Catalyst LE

Players

Gemini - Winner!

  • Race: Protoss Protoss
  • Spawn Location: 5:00

Strider

  • Race: Terran Terran
  • Spawn Location: 11:00

Event: WCS Austin 2018

VOD

Have the link to the VOD?

Description

Time

  • Played on: June 1, 2018, 3:18 p.m.
  • Length: 11:01

All games in this series

Show
View Real Time Build Order
Export as new Build Order

Gemini Protoss - Winner!

Build Orders: 1 Gate Expand 

Get SALT Encoding   

  12  0:01  Probe  
  13  0:13  Probe  
  14  0:19  Pylon  
  14  0:25  Probe  
  15  0:33  Probe  
  15  0:37  Gateway  
  15  0:41  Probe  
  16  0:46  Assimilator  
  17  0:51  Probe  
  18  1:03  Probe  
  19  1:20  Nexus  
  19  1:24  Probe  
  20  1:34  Cybernetics Core  
  20  1:37  Probe  
  21  1:47  Assimilator  
  21  1:49  Probe  
  21  1:53  Pylon  
  22  2:01  Stalker, Probe  
  23  2:12  Warp Gate  
  23  2:13  Probe  
  26  2:25  Probe  
  26  2:29  Robotics Facility  
  26  2:38  Probe  
  27  2:44  Probe  
  27  2:50  Probe  
  29  2:53  Probe  
  29  2:54  Stalker  
  32  3:02  Probe  
  32  3:03  Probe  
  34  3:14  Probe  
  34  3:15  Probe  
  34  3:17  Observer  
  37  3:26  Probe  
  38  3:27  Probe  
  39  3:34  Gateway  
  39  3:36  Gateway  
  39  3:38  Probe  
  39  3:39  Probe, Warp Prism  
  41  3:43  Robotics Bay  
  41  3:54  Probe  
  44  3:57  Pylon  
  44  3:59  Probe  
  45  4:07  Assimilator  
  45  4:08  Probe  
  46  4:10  Assimilator  
  46  4:15  Stalker, Probe  
  49  4:21  Pylon, Probe  
  50  4:24  Disruptor  
  50  4:25  Gravitic Drive  
  50  4:27  Probe  
  51  4:33  Probe  
  54  4:39  Probe  
  55  4:48  Probe  
  55  4:52  Probe  
  57  4:53  Disruptor  
  57  4:54  Stalker  
  58  5:01  Shield Battery  
  58  5:02  Shield Battery  
  61  5:10  Pylon  
  61  5:22  Pylon  
  61  5:25  Stalker, Shield Battery  
  61  5:35  Disruptor  
  55  5:37  Stalker x2  
  55  5:38  Probe  
  55  5:40  Probe  
  57  5:54  Probe  
  47  6:05  Stalker x2  
  47  6:09  Probe x2  
  51  6:13  Gateway  
  51  6:16  Gateway  
  51  6:19  Probe x2  
  53  6:27  Probe x2  
  53  6:29  Disruptor  
  58  6:34  Stalker  
  58  6:35  Stalker  
  58  6:36  Probe x2  
  64  6:46  Probe  
  64  6:47  Pylon  
  64  6:48  Probe  
  64  6:50  Pylon  
  66  6:54  Probe  
  66  6:56  Probe  
  68  7:02  Probe  
  69  7:10  Disruptor  
  69  7:15  Stalker x2  
  76  7:19  Pylon  
  76  7:20  Gateway  
  76  7:24  Sentry, Adept  
  75  7:40  Observer  
  75  7:42  Nexus, Probe  
  75  7:43  Twilight Council  
  76  7:48  Adept  
  76  7:49  Adept  
  76  7:50  Sentry  
  83  7:53  Blink  
  83  7:58  Probe  
  84  7:59  Disruptor  
  87  8:13  Pylon  
  87  8:25  Stalker x4  
  93  8:32  Pylon  
  93  8:35  Pylon  
  93  8:36  Warp Prism  
  93  8:40  Stalker, Pylon  
  97  8:48  Adept  
  97  8:50  Stalker  
  101  9:00  Forge  
  101  9:14  Stalker x2  
  93  9:33  Probe x3  
  93  9:34  Stalker x3  
  102  9:39  Forge  
  102  9:45  Probe x3  
  101  9:54  Disruptor  
  101  9:56  Stalker  
  101  9:57  Stalker  
  105  10:01  Stalker x3  
  105  10:06  Probe  
  115  10:07  Assimilator x2  
  115  10:08  Pylon  
  115  10:10  Probe x2  
  117  10:18  Probe  
  110  10:30  Stalker x5  
  114  10:56  Gateway x2  
  117  10:57  Gateway  
Show
View Real Time Build Order
Export as new Build Order

Strider Terran 

Build Orders: Reaper Expand 

Get SALT Encoding   

  12  0:01  SCV  
  13  0:13  SCV  
  14  0:18  Supply Depot  
  14  0:25  SCV  
  15  0:39  SCV  
  15  0:40  Barracks  
  16  0:44  Refinery  
  16  0:51  SCV  
  17  1:03  SCV  
  18  1:15  SCV  
  19  1:29  Reaper  
  19  1:30  Orbital Command  
  20  1:46  Command Center  
  20  2:02  Barracks Reactor  
  20  2:03  SCV  
  21  2:12  Supply Depot  
  21  2:15  SCV  
  22  2:25  Refinery, Factory  
  22  2:27  SCV  
  23  2:39  SCV  
  23  2:41  Marine x2  
  25  2:51  SCV  
  26  2:58  Orbital Command  
  26  3:02  Bunker  
  26  3:03  SCV  
  28  3:10  Marine x2  
  28  3:12  Cyclone  
  32  3:21  SCV  
  32  3:24  Factory  
  33  3:27  SCV  
  34  3:35  Marine x2  
  34  3:36  Supply Depot  
  34  3:38  SCV  
  34  3:41  SCV  
  38  3:46  Cyclone  
  41  3:52  SCV  
  41  3:53  SCV  
  41  3:54  Marine x2  
  45  4:01  Supply Depot  
  45  4:11  Cyclone  
  45  4:12  Marine x2  
  45  4:15  SCV  
  51  4:18  Cyclone  
  54  4:25  Supply Depot  
  54  4:30  Marine x2  
  56  4:37  SCV x2  
  58  4:49  Marine x2  
  58  4:51  Cyclone  
  58  4:52  Cyclone  
  68  5:03  Supply Depot  
  68  5:05  Supply Depot  
  63  5:22  Bunker x2  
  53  5:37  Marine x2  
  53  5:38  Cyclone x2  
  52  5:49  SCV x2  
  52  5:54  Marine  
  52  5:55  Marine  
  47  6:03  SCV x2  
  43  6:12  Marine x2  
  43  6:14  Cyclone  
  43  6:15  Cyclone  
  51  6:23  SCV x2  
  49  6:34  Barracks, Marine x2  
  49  6:35  SCV x2  
  53  6:43  Barracks  
  53  6:47  Engineering Bay, SCV x2  
  53  6:53  Factory Tech Lab  
  55  6:59  SCV x2  
  57  7:08  Marine x2  
  57  7:11  SCV x2  
  57  7:12  Refinery  
  61  7:16  Terran Infantry Weapons Level 1  
  61  7:18  Starport, Supply Depot  
  61  7:21  Factory Reactor  
  61  7:23  SCV x2  
  61  7:26  Marine x2  
  65  7:35  Marauder  
  65  7:36  Stimpack, Barracks Tech Lab  
  64  7:42  SCV x2  
  66  7:46  Refinery  
  66  7:48  Barracks  
  66  7:49  Widow Mine  
  66  7:50  Barracks  
  68  7:54  SCV  
  68  7:56  Marauder, Marine x2  
  73  7:59  Marauder  
  73  8:05  SCV  
  76  8:07  SCV  
  76  8:10  Medivac  
  76  8:11  Medivac  
  81  8:14  Marine  
  81  8:18  Marauder  
  84  8:20  Widow Mine  
  84  8:21  SCV  
  84  8:22  SCV  
  84  8:25  Supply Depot  
  88  8:29  Supply Depot  
  88  8:35  Marauder, Marine  
  88  8:37  Combat Shields  
  91  8:48  Marauder, Marine x3  
  95  8:52  Marine  
  97  9:02  Supply Depot x2  
  96  9:04  Medivac x2  
  96  9:09  Marauder, Marine x2  
  102  9:16  Orbital Command  
  81  9:46  Marauder x2  
  82  9:56  Marine x2  
  82  9:57  Barracks Reactor, Barracks Tech Lab  
  82  9:58  Widow Mine x2  
  88  10:00  SCV  
  89  10:08  Marauder x2  
  78  10:32  Marauder x2, Marine x2  
  78  10:33  Marauder  
  84  10:37  Command Center  
Tags
 
Add a new tag
Caveats
  • Supply blocks, unpowered buildings, or Contaminate may cause inaccurate times.
  • Supply counts are checked every 10 seconds.